 Dungeon Crawl Stone Soup version 0.29.1-13-g9f3cf754e1 (webtiles) character file.

Game seed: 4027624277168393496

4259 BeingJoeMalik the Spear-Bearer (level 10, -4/88 HPs)
             Began as a Naga Fighter on Feb 10, 2023.
             Was an Initiate of Dithmenos.
             Slain by a yak (14 damage)
             ... on level 8 of the Dungeon on Feb 11, 2023.
             The game lasted 00:19:50 (9540 turns).

BeingJoeMalik the Spear-Bearer (Naga Fighter)       Turns: 9540, Time: 00:19:51

Health: -4/88      AC:  8    Str: 19    XL:     10   Next: 31%
Magic:  10/10      EV:  9    Int: 14    God:    Dithmenos [......]
Gold:   489        SH:  6    Dex: 15    Spells: 9/9 levels left

rFire   . . .      SeeInvis +   a - +1 trident
rCold   . . .      Faith    +   c - +1 buckler
rNeg    + . .      Spirit   .   q - +0 robe {rN+}
rPois   +          Reflect  .   (no helmet)
rElec   .          Harm     .   v - +0 cloak
rCorr   .          Rampage  .   h - +2 pair of gloves
Will    +....                   (no barding)
Stlth   +++.......              A - amulet of faith
HPRegen 0.24/turn               u - +6 ring of intelligence
MPRegen 0.12/turn               (no ring)

@: short of breath, on berserk cooldown, slowed, very slow
A: AC +3, large, see invisible, deformed body, poison resistance, slowness 2,
spit poison 1, naga tail 1
a: Spit Poison, Renounce Religion


You were on level 8 of the Dungeon.
You worshipped Dithmenos.
Dithmenos was noncommittal.
You visited 2 branches of the dungeon, and saw 9 of its levels.

You collected 489 gold pieces.

Inventory:

Hand Weapons
 a - a +1 trident (weapon)
 g - a +2 sling of freezing
 p - a +1 dagger of venom
Missiles
 w - 33 stones
Armour
 b - a +0 scale mail
 c - a +1 buckler (worn)
 h - a +2 pair of gloves (worn)
 i - a +1 leather armour of poison resistance
 q - a +0 robe of positive energy (worn)
 v - a +0 cloak (worn)
Jewellery
 u - a +6 ring of intelligence (left hand)
 A - an amulet of faith (around neck)
Wands
 n - a wand of paralysis (3)
Scrolls
 d - a scroll of amnesia
 e - 4 scrolls of teleportation
 f - 7 scrolls of identify
 k - 2 scrolls of enchant armour
 x - 3 scrolls of fear
 y - a scroll of immolation {unknown}
Potions
 j - a potion of berserk rage
 l - a potion of might
 o - 2 potions of attraction
 r - 4 potions of cancellation
 t - a potion of magic


   Skills:
 + Level 5.0 Fighting
 + Level 13.4 Polearms
 - Level 2.4 Armour
 * Level 6.8 Stealth
 - Level 2.6 Shields


You had 9 spell levels left.
You didn't know any spells.
Your spell library contained the following spells:

 Spells                   Type           Power      Damage    Failure   Level
 Magic Dart               Conj           0%         1d3       34%         1
 Necrotise                Necr           0%         1d4       34%         1
 Slow                     Hex            0%         N/A       34%         1
 Searing Ray              Conj           0%         2d4       47%         2
 Confusing Touch          Hex            0%         N/A       71%         3
 Ozocubu's Armour         Ice            0%         N/A       71%         3
 Vampiric Draining        Necr           0%         2d6       71%         3
 Fulminant Prism          Conj/Hex       0%         3d6       98%         4
 Agony                    Necr           0%         N/A       100%        5
 Metabolic Englaciation   Hex/Ice        0%         N/A       100%        5
 Simulacrum               Ice/Necr       0%         N/A       100%        6


Dungeon Overview and Level Annotations

Branches:
Dungeon (8/15)             Temple (1/1) D:6
   Lair: D:8-11

Altars:
Ashenzari
Cheibriados
Dithmenos
Elyvilon
Fedhas
Gozag
Hepliaklqana
Kikubaaqudgha
Makhleb
Nemelex Xobeh
Okawaru
Qazlal
Ru
Sif Muna
Trog
Uskayaw
Vehumet
Wu Jian
Xom
Zin
The Shining One

Shops:
D:7 (


Innate Abilities, Weirdness & Mutations

Your serpentine skin is tough. (AC +3)
You have supernaturally acute eyesight. (SInv)
Armour fits poorly on your strangely shaped body.
Your system is resistant to poisons. (rPois)
You cover ground very slowly.
You can spit poison.
You have a snake-like lower body.


Message History

The yak is severely wounded.
Unknown command.
Unknown command.
You hit the yak.
The yak is severely wounded.
You block the yak's attack.
Unknown command.
You hit the yak.
The yak is almost dead.
You have got your breath back.
The yak gores you.
* * * LOW HITPOINT WARNING * * *
Unknown command.
You hit the yak.
The yak is almost dead.
The yak closely misses you. You block the yak's attack.
Unknown command.
You barely miss the yak.
The yak is almost dead.
The yak gores you.
* * * LOW HITPOINT WARNING * * *
The yak gores you!
* * * LOW HITPOINT WARNING * * *
Unknown command.
Aiming: Spit Poison (1% risk of failure)
Press: ? - help, Q - select action, (/) - cycle Shift-Dir - straight line, f/p - yak
Aim: a yak (almost dead, poisoned, 78% to hit)
The splash of poison hits the yak but does no damage.
The yak looks even sicker.
The yak is almost dead.
The yak barely misses you. The yak gores you.
* * * LOW HITPOINT WARNING * * *
The yak misses you. The yak closely misses you.
You feel better. The yak closely misses you.
The yak gores you but does no damage.
Unknown command.
You hit the yak but do no damage.
The yak is almost dead.
The yak barely misses you. The yak gores you!
You die...

..##....#...#......
#..##..####....#...
##.###....##........ .
#.....#.....†#...... ...
##...........####.!..
....#..............# ##.#
..........#.##....## #
............#...YY#
................@####
..................#.###
.................#....#
...............###....###
.........#.#......).).).###
.......#######.#....##)<..###
...##.... #...##...###)....##
##....##.>.##....##..#...#
#.....#####..###.##..##


You could see 2 yaks.

Vanquished Creatures
  Pikel (D:6)
  Joseph (D:7)
  Grinder (D:4)
  4 yaks (D:8)
  A steam dragon (D:7)
  Edmund (D:5)
  A water moccasin (D:7)
  A black bear (D:6)
  An ice beast (D:7)
  2 sky beasts
  4 centaurs
  A lemure (D:5)
  A phantom (D:5)
  A kobold brigand (D:6)
  A bullfrog (D:7)
  4 scorpions
  5 wights (D:8)
  2 howler monkeys
  4 hounds
  A gnoll bouda (D:5)
  A jelly (D:5)
  Crazy Yiuf (D:6)
  4 orc wizards
  Terence (D:2)
  9 iguanas
  Robin (D:2)
  9 gnolls
  9 adders
  2 shadow imps (D:7)
  A worm (D:5)
  A dart slug (D:3)
  11 orcs
  8 endoplasms
  3 giant cockroaches
  17 goblins
  5 hobgoblins
  7 jackals
  5 quokkas
  5 ball pythons
  4 bats
  9 frilled lizards
  12 kobolds
  8 rats
171 creatures vanquished.

Vanquished Creatures (others)
  4 plants (D:4)
4 creatures vanquished.

Grand Total: 175 creatures vanquished

Notes
Turn   | Place    | Note
-------+----------+-------------------------------------------
     0 | D:1      | BeingJoeMalik the Naga Fighter began the quest for the Orb.
     0 | D:1      | Reached XP level 1. HP: 21/21 MP: 1/1
    81 | D:1      | Reached XP level 2. HP: 25/28 MP: 2/2
   196 | D:1      | Reached skill level 3 in Polearms
   383 | D:1      | Found a faded altar of an unknown god.
   774 | D:2      | Reached XP level 3. HP: 34/34 MP: 3/3
   844 | D:2      | Noticed Terence
   850 | D:2      | Killed Terence
   851 | D:2      | Reached skill level 4 in Polearms
   905 | D:2      | Reached XP level 4. HP: 42/42 MP: 4/4
  1149 | D:2      | Noticed Robin
  1158 | D:2      | Killed Robin
  1833 | D:3      | Reached skill level 5 in Polearms
  1833 | D:3      | Reached XP level 5. HP: 39/49 MP: 5/5
  2210 | D:3      | Found a stormy altar of Qazlal.
  2505 | D:3      | Noticed a water elemental
  2506 | D:3      | Noticed a fire elemental
  2506 | D:3      | Noticed an air elemental
  2523 | D:3      | Reached skill level 6 in Polearms
  2733 | D:3      | Found a snail-covered altar of Cheibriados.
  3022 | D:4      | Reached XP level 6. HP: 38/56 MP: 6/6
  3087 | D:4      | Noticed Grinder
  3098 | D:4      | Killed Grinder
  3099 | D:4      | Reached skill level 7 in Polearms
  3099 | D:4      | Reached XP level 7. HP: 43/62 MP: 7/7
  3464 | D:4      | Found a faded altar of an unknown god.
  3464 | D:4      | Found a faded altar of an unknown god.
  3469 | D:4      | Found a hazy altar of Hepliaklqana.
  4009 | D:5      | Entered Level 5 of the Dungeon
  4082 | D:5      | Noticed Edmund
  4093 | D:5      | Reached skill level 8 in Polearms
  4105 | D:5      | Killed Edmund
  4612 | D:5      | Reached skill level 9 in Polearms
  4612 | D:5      | Reached XP level 8. HP: 48/68 MP: 8/8
  5189 | D:5      | Found a sparkling altar of Nemelex Xobeh.
  5196 | D:5      | Reached skill level 10 in Polearms
  5738 | D:6      | Found an ornate altar of the Wu Jian Council.
  5748 | D:6      | Found a white marble altar of Elyvilon.
  5876 | D:6      | Found a staircase to the Ecumenical Temple.
  5885 | Temple   | Entered the Ecumenical Temple
  6016 | Temple   | Became a worshipper of Dithmenos the Shadowed
  6170 | D:6      | Reached skill level 11 in Polearms
  6341 | D:6      | Reached XP level 9. HP: 52/75 MP: 9/9
  6884 | D:6      | Noticed Pikel
  6902 | D:6      | Killed Pikel
  6903 | D:6      | Reached skill level 12 in Polearms
  7211 | D:6      | Found a runed translucent door.
  7212 | D:6      | Noticed Crazy Yiuf
  7229 | D:6      | Killed Crazy Yiuf
  7626 | D:7      | Noticed Joseph
  7652 | D:7      | Killed Joseph
  8431 | D:7      | Found Vophuf's Weapon Emporium.
  8854 | D:7      | Reached skill level 5 in Stealth
  8871 | D:7      | Reached skill level 13 in Polearms
  8871 | D:7      | Reached XP level 10. HP: 17/87 MP: 10/10
  9518 | D:8      | HP: 4/87 [yak (14)]
  9527 | D:8      | Reached skill level 5 in Fighting
  9538 | D:8      | HP: 4/88 [yak (3)]
  9540 | D:8      | Slain by a yak

Illustrated notes

Levels and vault maps discovered:
D:1:      lightli_arrival_flooded_house, layout_basic,
          ebering_ecumenical_altar_box
D:2:      layout_loops_ring, uniq_robin, uniq_terence
D:3:      layout_loops_ring, kennysheep_slug_shrine,
          nicolae_qazlal_style_of_elements
D:4:      layout_basic, nicolae_hepliaklqana_ecumenical_no_more, uniq_grinder
D:5:      layout_basic, mainiacjoe_overflow_chevrons, roderic_roman_lattice,
          uniq_edmund
D:6:      layout_loops_corners, mainiacjoe_overflow_large_starburst,
          minmay_temple_entry_crystal_x, uniq_crazy_yiuf_cottage, uniq_pikel
D:7:      layout_loops_ring, serial_shops, nicolae_inconvenience_store,
          kennysheep_generic_room_8, uniq_joseph
D:8:      layout_cave_pools, nicolae_fountain_basement
Temple:   nicolae_temple_superstar

Skill      XL: |  1  2  3  4  5  6  7  8  9 10 |
---------------+-------------------------------+-----
Polearms       | 3 4 5 6 7 9 11 13 | 13.4
Stealth        | 5 6 |  6.8
Fighting       | 4 5 |  5.0
Armour         | |  2.4
Shields        | |  2.6

Action                   |  1- 3 |  4- 6 |  7- 9 | 10-12 || total
-------------------------+-------+-------+-------+-------++-------
Melee: Trident           |    73 |   183 |   346 |    69 ||   671
 Abil: Spit Poison       |    11 |    31 |    40 |     6 ||    88
  Use: Scroll            |       |     7 |     4 |     1 ||    12
       Potion            |       |     7 |     3 |     3 ||    13
 Stab: Sleeping          |       |       |     2 |       ||     2
       Distracted        |       |       |       |     1 ||     1
Armor: Scale mail        |    17 |    49 |    63 |       ||   129
       Robe              |       |       |    23 |    10 ||    33
Dodge: Dodged            |    16 |    56 |    86 |    24 ||   182
Block: Buckler           |    16 |    26 |    83 |    18 ||   143
